 Dungeon Crawl Stone Soup version 0.22.1-2-g9c5b331 (webtiles) character file.

60 magicm the Bolt Thrower (level 3, 0/27 HPs)
             Began as a Demonspawn Hunter on Nov 16, 2018.
             Slain by a goblin (3 damage)
             ... led by Robin
             ... on level 2 of the Dungeon.
             The game lasted 00:07:30 (1362 turns).

magicm the Bolt Thrower (Demonspawn Hunter)         Turns: 1362, Time: 00:07:31

Health: 0/27       AC:  6    Str: 13    XL:     3   Next: 80%
Magic:  3/3        EV: 11    Int: 12    God:
Gold:   101        SH:  0    Dex: 13    Spells: 2/2 levels left

rFire    . . .     SeeInvis .   b - +0 short sword
rCold    . . .     Gourm    .   (no shield)
rNeg     . . .     Faith    .   e - +1 ring mail
rPois    .         Spirit   .   (no helmet)
rElec    .         Reflect  .   (no cloak)
rCorr    .         Harm     .   (no gloves)
MR       .....                  (no boots)
Stlth    ++........             (no amulet)
HPRegen  0.09/turn              (no ring)
MPRegen  0.08/turn              (no ring)

@: no status effects
A: nightstalker 1, rot immunity
a: no special abilities


You were on level 2 of the Dungeon.
You were not hungry.

You visited 1 branch of the dungeon, and saw 2 of its levels.

You collected 101 gold pieces.

Inventory:

Hand Weapons
 a - a +2 hand crossbow
 b - a +0 short sword (weapon)
Missiles
 d - 44 bolts
Armour
 e - a +1 ring mail (worn)
Scrolls
 j - a scroll of teleportation
 l - a scroll of magic mapping
Potions
 g - a potion of curing
 h - a potion of brilliance {unknown}
 i - 2 potions of agility
 k - a potion of haste {unknown}
Comestibles
 f - 2 rations


   Skills:
 + Level 2.2 Fighting
 + Level 0.4 Short Blades
 + Level 4.4 Crossbows
 + Level 0.8 Armour
 + Level 2.2 Dodging
 + Level 0.9 Stealth


You had 2 spell levels left.
You didn't know any spells.
Your spell library was empty.

Dungeon Overview and Level Annotations

Branches:
Dungeon (2/15)

Altars:


Innate Abilities, Weirdness & Mutations

You are slightly more attuned to the shadows.
You are immune to rotting.


Message History

You hit Robin.
You kill Robin!
The goblin no longer looks unusually strong.
The hobgoblin hits you but does no damage.
The leopard gecko bites you but does no damage.
The goblin hits you.
* * * LOW HITPOINT WARNING * * *
The goblin hits you but does no damage. The hobgoblin hits you.
* * * LOW HITPOINT WARNING * * *
The leopard gecko bites you.
* * * LOW HITPOINT WARNING * * *
The leopard gecko closely misses you.
Items here: ) [[ †† a whip; an animal skin; a helmet; the hobgoblin corpse of Robin a goblin corpse The hobgoblin no longer looks unusually strong.
There is an escape hatch in the floor here.
You hit the goblin but do no damage. The leopard gecko closely misses you.
The goblin hits you.
You die...

...#......#.......#
.. ####...#.......#
..####...###.#.###
#........###..(##
#..............#
#..(......##...#
#.........##...#
#...(.g........#
#....@l....#...#
#....ggg.†.#...#
###.....))<#...#
#.(....(##...####
#....(..........#
####.#.#........#
#)#+#.......[#
#...g........#
######.......#..###


You could see a leopard gecko, a hobgoblin and 3 goblins.

Vanquished Creatures
  Robin (D:2)
  An adder (D:2)
  2 dart slugs (D:1)
  A leopard gecko (D:2)
  2 giant cockroaches (D:1)
  9 goblins
  5 hobgoblins
  2 jackals (D:2)
  4 bats
  2 frilled lizards
  A kobold (D:1)
  3 rats (D:1)
33 creatures vanquished.

Notes
Turn   | Place    | Note
-------+----------+-------------------------------------------
     0 | D:1      | magicm the Demonspawn Hunter began the quest for the Orb.
     0 | D:1      | Reached XP level 1. HP: 16/16 MP: 1/1
     0 | D:1      | Noticed a minotaur
     2 | D:1      | Noticed a naga
     5 | D:1      | Noticed a minotaur zombie
     6 | D:1      | Noticed a human
     7 | D:1      | Noticed a naga
    10 | D:1      | Noticed a minotaur skeleton
    14 | D:1      | Noticed a gargoyle
    16 | D:1      | Noticed a merfolk zombie
   195 | D:1      | Reached skill level 4 in Crossbows
   204 | D:1      | Gained mutation: You are slightly more attuned to the
                  | shadows. [demonic ancestry]
   204 | D:1      | Reached XP level 2. HP: 14/22 MP: 2/2
   833 | D:2      | Gained mutation: You are immune to rotting. [demonic
                  | ancestry]
   833 | D:2      | Reached XP level 3. HP: 23/27 MP: 3/3
  1083 | D:2      | Noticed Robin
  1358 | D:2      | Killed Robin
  1362 | D:2      | Slain by a goblin

Skill      XL: |  1  2 |
---------------+-------+-----
Crossbows      | 4 |  4.4
Dodging        | 2 |  2.2
Fighting       | |  2.2
Short Blades   | |  0.4
Armour         | |  0.8
Stealth        | |  0.9

Action                   || total
-------------------------++-------
Melee: Short sword       ||    70
 Fire: Hand crossbow     ||    34
  Use: Scroll            ||    10
  Eat: Ration            ||     1
Armor: Ring mail         ||    81
Dodge: Dodged            ||   129
